| TOP OF THE 1ST |
|
Mahoning Valley Scrappers batting - Pitching for Connecticut Tigers : RHP Rich Nunez
|
|
Pitching: RHP Rich Nunez
|
|
|
Batting: SHB Darius Vinson
|
0-0: Ball 1-0: Ball 2-0: SINGLE (Flyball, 8RS, EV 93.8 MPH)
|
|
Batting: LHB Santiago Chavira
|
0-0: Called Strike Darius Vinson steals 2nd base 0-1: Swinging Strike 0-2: Strikes out looking
|
|
Batting: RHB Luis Roman
|
0-0: Called Strike 0-1: Ball Wild Pitch! Darius Vinson to third 1-1: Swinging Strike 1-2: Ball 2-2: Hit by Pitch
|
|
Batting: RHB David Schweitzer
|
0-0: Foul Ball, location: 2F 0-1: Ball 1-1: Ball 2-1: Fly out, F7 (Flyball, 7LS, EV 90.6 MPH)
|
|
Batting: LHB Esteban Cordova
|
0-0: Ball 1-0: Ball Wild Pitch! Darius Vinson scores Luis Roman to second 2-0: Called Strike 2-1: Swinging Strike 2-2: Strikes out swinging
|
| Top of the 1st over - 1 run, 1 hit, 0 errors, 1 left on base; Mahoning Valley 1 - Connecticut 0 |
| BOTTOM OF THE 1ST |
|
Connecticut Tigers batting - Pitching for Mahoning Valley Scrappers : RHP Oscar Alvarado
|
|
Pitching: RHP Oscar Alvarado
|
|
|
Batting: RHB Emil Wilbrink
|
0-0: Called Strike 0-1: Ball 1-1: Called Strike 1-2: Ball 2-2: Ball 3-2: Foul Ball, location: 2F 3-2: Foul Ball, location: 2F 3-2: Foul Ball, location: 2F 3-2: Reached on error, E4 (Groundball, 4S, EV 77.5 MPH)
|
|
Batting: LHB Bobby Adams
|
0-0: Foul Ball, location: 2F 0-1: Swinging Strike 0-2: Strikes out swinging
|
|
Batting: LHB Claudio Kamminga
|
0-0: Foul Ball, location: 2F 0-1: Ball 1-1: Foul Ball, location: 2F 1-2: Ball 2-2: Strikes out swinging
|
|
Batting: LHB Andy Sanchez
|
0-0: Ball 1-0: Called Strike 1-1: SINGLE (Groundball, 34D, EV 93.8 MPH) Emil Wilbrink to third Runner from 3rd tries for Home, throw by RF and OUT! 9-2
|
| Bottom of the 1st over - 0 runs, 1 hit, 1 error, 1 left on base; Mahoning Valley 1 - Connecticut 0 |
| TOP OF THE 2ND |
|
Mahoning Valley Scrappers batting - Pitching for Connecticut Tigers : RHP Rich Nunez
|
|
Batting: RHB Reynaldo Herrera
|
0-0: Fly out, F8 (Line Drive, 8LS, EV 101.2 MPH)
|
|
Batting: RHB Gashie Chimsima
|
0-0: Ground out 5-3 (Groundball, 56S, EV 83.1 MPH)
|
|
Batting: LHB Ubbe de Bruin
|
0-0: Ball 1-0: Hit by Pitch
|
|
Batting: RHB Mike Persinger
|
0-0: Swinging Strike 0-1: Foul Ball, location: 2F 0-2: Strikes out swinging
|
| Top of the 2nd over - 0 runs, 0 hits, 0 errors, 1 left on base; Mahoning Valley 1 - Connecticut 0 |
| BOTTOM OF THE 2ND |
|
Connecticut Tigers batting - Pitching for Mahoning Valley Scrappers : RHP Oscar Alvarado
|
|
Batting: SHB Ryan Clark
|
0-0: Ball 1-0: Foul Ball, location: 2F 1-1: Foul Ball, location: 2F 1-2: Ball 2-2: Ground out 4-3 (Groundball, 4M, EV 88.1 MPH)
|
|
Batting: LHB Jon Pedlar
|
0-0: Ground out 3-1 (Groundball, 34S, EV 81.2 MPH)
|
|
Batting: LHB Dave Carlisle
|
0-0: Called Strike 0-1: SINGLE (Line Drive, 8RS, EV 110.6 MPH)
|
|
Batting: LHB Glen Boyle
|
0-0: Ball Dave Carlisle is caught stealing 2nd base 2-6
|
| Bottom of the 2nd over - 0 runs, 1 hit, 0 errors, 0 left on base; Mahoning Valley 1 - Connecticut 0 |
| TOP OF THE 3RD |
|
Mahoning Valley Scrappers batting - Pitching for Connecticut Tigers : RHP Rich Nunez
|
|
Batting: SHB Darius Vinson
|
0-0: Ball 1-0: Ball 2-0: Called Strike 2-1: Swinging Strike 2-2: Foul Ball, location: 2F 2-2: Foul Ball, location: 2F 2-2: Strikes out looking
|
|
Batting: LHB Santiago Chavira
|
0-0: Ball 1-0: Foul Ball, location: 2F 1-1: Ball 2-1: Swinging Strike 2-2: Ball 3-2: SINGLE (Line Drive, 5L, EV 97.5 MPH)
|
|
Batting: RHB Luis Roman
|
0-0: Called Strike 0-1: Ball Pickoff Throw to First - Out! 1-3 CS 1-1: DOUBLE (Groundball, 5L, EV 101.2 MPH)
|
|
Batting: RHB David Schweitzer
|
0-0: Foul Ball, location: 2F 0-1: Ball 1-1: Called Strike 1-2: Foul Ball, location: 2F 1-2: Ball 2-2: SINGLE (Groundball, 56D, EV 98.1 MPH) Luis Roman to third Runner from 3rd tries for Home, SAFE, throw by LF to home
|
|
Batting: LHB Esteban Cordova
|
0-0: Ball 1-0: Swinging Strike 1-1: Foul Ball, location: 2F 1-2: Ball 2-2: Strikes out swinging
|
| Top of the 3rd over - 1 run, 3 hits, 0 errors, 1 left on base; Mahoning Valley 2 - Connecticut 0 |
| BOTTOM OF THE 3RD |
|
Connecticut Tigers batting - Pitching for Mahoning Valley Scrappers : RHP Oscar Alvarado
|
|
Batting: LHB Glen Boyle
|
0-0: Ball 1-0: Ground out 6-3 (Groundball, 6M, EV 100.6 MPH)
|
|
Batting: SHB Julio Ramos
|
0-0: Ball 1-0: Ball 2-0: Called Strike 2-1: Foul Ball, location: 2F 2-2: Ball 3-2: Base on Balls
|
|
Batting: RHB Emil Wilbrink
|
0-0: Ball 1-0: Foul Ball, location: 2F 1-1: Ball 2-1: Ball 3-1: Base on Balls Julio Ramos to second
|
|
Batting: LHB Bobby Adams
|
0-0: Ball 1-0: Fly out, F7 (Flyball, 7, EV 87.5 MPH)
|
|
Batting: LHB Claudio Kamminga
|
0-0: Foul Ball, location: 2F 0-1: Ball 1-1: Swinging Strike 1-2: Ball 2-2: Ball 3-2: SINGLE (Flyball, 8RS, EV 88.1 MPH) Julio Ramos to third Emil Wilbrink to second Julio Ramos scores Emil Wilbrink to third
|
|
Batting: LHB Andy Sanchez
|
0-0: Foul Ball, location: 2F 0-1: Ball 1-1: Ball 2-1: Ball Claudio Kamminga steals 2nd base 3-1: SINGLE (Groundball, 6D, EV 99.4 MPH) Emil Wilbrink scores Claudio Kamminga to third Runner from 3rd tries for Home, SAFE, throw by CF to home
|
|
Batting: SHB Ryan Clark
|
0-0: Called Strike Andy Sanchez is caught stealing 2nd base 2-6
|
| Bottom of the 3rd over - 3 runs, 2 hits, 0 errors, 0 left on base; Mahoning Valley 2 - Connecticut 3 |
| TOP OF THE 4TH |
|
Mahoning Valley Scrappers batting - Pitching for Connecticut Tigers : RHP Rich Nunez
|
|
Batting: RHB Reynaldo Herrera
|
0-0: Swinging Strike 0-1: Swinging Strike 0-2: Strikes out swinging
|
|
Batting: RHB Gashie Chimsima
|
0-0: Ball 1-0: Ball 2-0: SINGLE (Groundball, 34D, EV 101.2 MPH)
|
|
Batting: LHB Ubbe de Bruin
|
0-0: Ball 1-0: Called Strike 1-1: Ball Gashie Chimsima steals 2nd base 2-1: Fly out, F7 (Line Drive, 7S, EV 91.2 MPH)
|
|
Batting: RHB Mike Persinger
|
0-0: Ball 1-0: Fly out, F7 (Flyball, 78S, EV 98.1 MPH)
|
| Top of the 4th over - 0 runs, 1 hit, 0 errors, 1 left on base; Mahoning Valley 2 - Connecticut 3 |
| BOTTOM OF THE 4TH |
|
Connecticut Tigers batting - Pitching for Mahoning Valley Scrappers : RHP Oscar Alvarado
|
|
Batting: SHB Ryan Clark
|
0-0: Ball 1-0: Called Strike 1-1: Called Strike 1-2: Strikes out swinging
|
|
Batting: LHB Jon Pedlar
|
0-0: Ground out 4-3 (Groundball, 4, EV 103.1 MPH)
|
|
Batting: LHB Dave Carlisle
|
0-0: Ball 1-0: SINGLE (Groundball, 3S, EV 63.8 MPH) (infield hit)
|
|
Batting: LHB Glen Boyle
|
0-0: Ball 1-0: Ball Wild Pitch! Dave Carlisle to second 2-0: Ball 3-0: Base on Balls
|
|
Batting: SHB Julio Ramos
|
0-0: Ball 1-0: Ball 2-0: Ball 3-0: Called Strike 3-1: Called Strike 3-2: Base on Balls Dave Carlisle to third Glen Boyle to second
|
|
Batting: RHB Emil Wilbrink
|
0-0: Ball 1-0: Ground out 4-3 (Groundball, 4, EV 92.5 MPH)
|
| Bottom of the 4th over - 0 runs, 1 hit, 0 errors, 3 left on base; Mahoning Valley 2 - Connecticut 3 |
| TOP OF THE 5TH |
|
Mahoning Valley Scrappers batting - Pitching for Connecticut Tigers : RHP Rich Nunez
|
|
Batting: SHB Darius Vinson
|
0-0: Ground out 5-3 (Groundball, 56S, EV 87.5 MPH)
|
|
Batting: LHB Santiago Chavira
|
0-0: Fly out, F7 (Line Drive, 78S, EV 95.6 MPH)
|
|
Batting: RHB Luis Roman
|
0-0: Ball 1-0: Ball 2-0: Called Strike 2-1: SINGLE (Groundball, 34D, EV 98.8 MPH)
|
|
Batting: RHB David Schweitzer
|
0-0: Called Strike 0-1: Ball 1-1: Ball 2-1: SINGLE (Groundball, 56D, EV 100.6 MPH) Luis Roman to second
|
|
Batting: LHB Esteban Cordova
|
0-0: Ball 1-0: Swinging Strike 1-1: Foul Ball, location: 2F 1-2: Strikes out swinging
|
| Top of the 5th over - 0 runs, 2 hits, 0 errors, 2 left on base; Mahoning Valley 2 - Connecticut 3 |
| BOTTOM OF THE 5TH |
|
Connecticut Tigers batting - Pitching for Mahoning Valley Scrappers : RHP Oscar Alvarado
|
|
Pitching: RHP Benito de la Torre
|
|
|
Batting: LHB Bobby Adams
|
0-0: Called Strike 0-1: Ground out 4-3 (Groundball, 4, EV 103.1 MPH)
|
|
Batting: LHB Claudio Kamminga
|
0-0: Ball 1-0: Called Strike 1-1: Ground out 5-3 (Groundball, 56, EV 86.2 MPH)
|
|
Batting: LHB Andy Sanchez
|
0-0: Called Strike 0-1: Ball 1-1: Swinging Strike 1-2: Ball 2-2: Ball 3-2: DOUBLE (Flyball, 8LXD, EV 91.9 MPH)
|
|
Batting: SHB Ryan Clark
|
0-0: Foul Ball, location: 2F 0-1: Ball 1-1: Fly out, F9 (Flyball, 9, EV 93.1 MPH)
|
| Bottom of the 5th over - 0 runs, 1 hit, 0 errors, 1 left on base; Mahoning Valley 2 - Connecticut 3 |
| TOP OF THE 6TH |
|
Mahoning Valley Scrappers batting - Pitching for Connecticut Tigers : RHP Rich Nunez
|
|
Batting: RHB Reynaldo Herrera
|
0-0: DOUBLE (Line Drive, 78D, EV 101.9 MPH)
|
|
Batting: RHB Gashie Chimsima
|
0-0: Ground out 6-3 (Groundball, 6, EV 102.5 MPH)
|
|
Batting: LHB Ubbe de Bruin
|
0-0: Ball 1-0: DOUBLE (Groundball, 3L, EV 100.0 MPH) Reynaldo Herrera scores
|
|
Batting: RHB Mike Persinger
|
0-0: Ball 1-0: Foul Ball, location: 2F 1-1: Ball 2-1: Swinging Strike 2-2: Foul Ball, location: 2F 2-2: SINGLE (Groundball, 5S, EV 71.9 MPH) (infield hit) Ubbe de Bruin to third
|
|
Batting: SHB Darius Vinson
|
0-0: Ball 1-0: Ball 2-0: Called Strike 2-1: Foul Ball, location: 2F 2-2: Strikes out looking
|
|
Batting: LHB Santiago Chavira
|
0-0: Ball 1-0: SINGLE (Groundball, 34S, EV 75.0 MPH) (infield hit) Ubbe de Bruin scores Mike Persinger to second
|
|
Batting: RHB Luis Roman
|
0-0: Ball 1-0: Foul Ball, location: 2F 1-1: Foul Ball, location: 2F 1-2: Reached on error, E2 (Groundball, 13S, EV 65.0 MPH) Mike Persinger to third Santiago Chavira to second
|
|
Pitching: RHP Ruud Reintjens
|
|
|
Batting: RHB David Schweitzer
|
0-0: Ball 1-0: Ball 2-0: Foul Ball, location: 2F 2-1: Fielders Choice at 2nd, 6-4 (Groundball, 6, EV 76.2 MPH)
|
| Top of the 6th over - 2 runs, 4 hits, 1 error, 3 left on base; Mahoning Valley 4 - Connecticut 3 |
| BOTTOM OF THE 6TH |
|
Connecticut Tigers batting - Pitching for Mahoning Valley Scrappers : RHP Benito de la Torre
|
|
Batting: LHB Jon Pedlar
|
0-0: Ball 1-0: Ball 2-0: Ball 3-0: Called Strike 3-1: Base on Balls
|
|
Batting: LHB Dave Carlisle
|
0-0: Fielders Choice at 2nd, 5-4 (Groundball, 5, EV 83.1 MPH)
|
|
Batting: LHB Glen Boyle
|
0-0: Ball Dave Carlisle steals 2nd base (no throw) 1-0: Foul Ball, location: 2F 1-1: Called Strike Dave Carlisle is caught stealing 3rd base 2-5 1-2: Foul Ball, location: 2F 1-2: Fly out, F9 (Flyball, 9LM, EV 91.9 MPH)
|
| Bottom of the 6th over - 0 runs, 0 hits, 0 errors, 0 left on base; Mahoning Valley 4 - Connecticut 3 |
| TOP OF THE 7TH |
|
Mahoning Valley Scrappers batting - Pitching for Connecticut Tigers : RHP Ruud Reintjens
|
|
Batting: LHB Esteban Cordova
|
0-0: Called Strike 0-1: DOUBLE (Flyball, 7LD, EV 95.0 MPH)
|
|
Batting: RHB Reynaldo Herrera
|
0-0: Intentional Walk
|
|
Batting: RHB Gashie Chimsima
|
0-0: Called Strike 0-1: Ball 1-1: Ball 2-1: Called Strike 2-2: Strikes out swinging
|
|
Batting: LHB Ubbe de Bruin
|
0-0: Foul Ball, location: 2F 0-1: Swinging Strike 0-2: Strikes out swinging
|
|
Batting: RHB Mike Persinger
|
0-0: Ball 1-0: Foul Ball, location: 2F 1-1: Foul Ball, location: 2F 1-2: Foul Ball, location: 2F 1-2: Foul Ball, location: 2F 1-2: Strikes out swinging
|
| Top of the 7th over - 0 runs, 1 hit, 0 errors, 2 left on base; Mahoning Valley 4 - Connecticut 3 |
| BOTTOM OF THE 7TH |
|
Connecticut Tigers batting - Pitching for Mahoning Valley Scrappers : RHP Benito de la Torre
|
|
Batting: SHB Julio Ramos
|
0-0: Ball 1-0: Called Strike 1-1: Ball 2-1: Swinging Strike 2-2: Foul Ball, location: 2F 2-2: Foul Ball, location: 2F 2-2: Foul Ball, location: 2F 2-2: Strikes out looking
|
|
Batting: RHB Emil Wilbrink
|
0-0: SOLO HOME RUN (Flyball, 89XD, EV 115.0 MPH), Distance : 427 ft
|
|
Batting: LHB Bobby Adams
|
0-0: Ball 1-0: Ball 2-0: Foul Ball, location: 2F 2-1: Ball 3-1: Foul Ball, location: 2F 3-2: Ground out 4-3 (Groundball, 4M, EV 94.4 MPH)
|
|
Batting: LHB Claudio Kamminga
|
0-0: Called Strike 0-1: Foul Ball, location: 2F 0-2: Ball 1-2: Ball 2-2: Ball 3-2: Foul Ball, location: 2F 3-2: Base on Balls
|
|
Pitching: RHP Victor Amador
|
|
|
Batting: LHB Andy Sanchez
|
0-0: Swinging Strike 0-1: Ground out 2-3 (Groundball, 13S, EV 64.4 MPH)
|
| Bottom of the 7th over - 1 run, 1 hit, 0 errors, 1 left on base; Mahoning Valley 4 - Connecticut 4 |
| TOP OF THE 8TH |
|
Mahoning Valley Scrappers batting - Pitching for Connecticut Tigers : RHP Ruud Reintjens
|
|
Batting: SHB Darius Vinson
|
0-0: Called Strike 0-1: Ball 1-1: Ground out 4-3 (Groundball, 4, EV 84.4 MPH)
|
|
Batting: LHB Santiago Chavira
|
0-0: Ball 1-0: DOUBLE (Groundball, 3L, EV 100.0 MPH)
|
|
Batting: RHB Luis Roman
|
0-0: Called Strike Santiago Chavira steals 3rd base 0-1: Ball 1-1: Ball 2-1: Ball 3-1: SINGLE (Groundball, 6, EV 103.1 MPH) (infield hit) Santiago Chavira scores
|
|
Batting: RHB David Schweitzer
|
Balk! Luis Roman to second 0-0: Called Strike 0-1: Foul Ball, location: 2F 0-2: Foul Ball, location: 2F 0-2: Strikes out swinging
|
|
Pitching: LHP Victor Villarreal
|
|
|
Batting: LHB Esteban Cordova
|
0-0: Ball 1-0: Ball 2-0: Called Strike 2-1: Foul Ball, location: 2F 2-2: Strikes out swinging
|
| Top of the 8th over - 1 run, 2 hits, 0 errors, 1 left on base; Mahoning Valley 5 - Connecticut 4 |
| BOTTOM OF THE 8TH |
|
Connecticut Tigers batting - Pitching for Mahoning Valley Scrappers : RHP Victor Amador
|
|
Pinch Hitting: RHB Jayden Copeland
|
0-0: Ball 1-0: DOUBLE (Line Drive, 5D, EV 99.4 MPH)
|
|
Batting: LHB Jon Pedlar
|
0-0: Called Strike 0-1: Ball 1-1: Hit by Pitch
|
|
Pinch Runner at 2nd Billy Verdusco:
|
|
|
Batting: LHB Dave Carlisle
|
0-0: Ball 1-0: Foul Ball, location: 2F 1-1: Ball 2-1: Swinging Strike 2-2: Fielders Choice at 2nd, 1-6 (Groundball, 34S, EV 71.9 MPH) Billy Verdusco to third
|
|
Batting: LHB Glen Boyle
|
0-0: Swinging Strike 0-1: Foul Ball, location: 2F 0-2: Fly out, F8 (Flyball, 78D, EV 82.5 MPH)
|
|
Batting: SHB Julio Ramos
|
0-0: Swinging Strike 0-1: Called Strike 0-2: Strikes out looking
|
| Bottom of the 8th over - 0 runs, 1 hit, 0 errors, 2 left on base; Mahoning Valley 5 - Connecticut 4 |
| TOP OF THE 9TH |
|
Mahoning Valley Scrappers batting - Pitching for Connecticut Tigers : LHP Victor Villarreal
|
|
Now at 3B: Billy Verdusco
|
|
|
Batting: RHB Reynaldo Herrera
|
0-0: Ball 1-0: Ball 2-0: Called Strike 2-1: Foul Ball, location: 2F 2-2: Ball 3-2: Foul Ball, location: 2F 3-2: Base on Balls
|
|
Batting: RHB Gashie Chimsima
|
0-0: Called Strike 0-1: Ball 1-1: Called Strike 1-2: Ball 2-2: Fielders Choice at 2nd, 3-6 (Groundball, 34S, EV 87.5 MPH)
|
|
Batting: LHB Ubbe de Bruin
|
0-0: Ball 1-0: Ball 2-0: SINGLE (Groundball, 4D, EV 95.0 MPH) Gashie Chimsima to second Runner from 2nd tries for 3rd, SAFE, throw by CF made to third
|
|
Batting: RHB Mike Persinger
|
0-0: Ball 1-0: Ball 2-0: Squeeze Bunt to 25 - play home, runner scores, batter safe! Gashie Chimsima scores Ubbe de Bruin to second
|
|
Batting: SHB Darius Vinson
|
0-0: Called Strike 0-1: Ball 1-1: Reached on error, E5 (Groundball, 56, EV 82.5 MPH) Ubbe de Bruin to third Mike Persinger to second
|
|
Batting: LHB Santiago Chavira
|
0-0: Called Strike 0-1: Called Strike 0-2: Fly out, F7 (Flyball, 78S, EV 88.1 MPH)
|
|
Pitching: LHP Jayden Carey
|
|
|
Batting: RHB Luis Roman
|
0-0: SINGLE (Groundball, 5S, EV 69.4 MPH) (infield hit) Ubbe de Bruin scores Mike Persinger to third Darius Vinson to second
|
|
Batting: RHB David Schweitzer
|
0-0: Foul Ball, location: 2F 0-1: Ball 1-1: Foul Ball, location: 2F 1-2: Strikes out swinging
|
| Top of the 9th over - 2 runs, 2 hits, 1 error, 3 left on base; Mahoning Valley 7 - Connecticut 4 |
| BOTTOM OF THE 9TH |
|
Connecticut Tigers batting - Pitching for Mahoning Valley Scrappers : RHP Victor Amador
|
|
Pitching: RHP David Aldape
|
|
|
Batting: RHB Emil Wilbrink
|
0-0: Foul Ball, location: 2F 0-1: Ball 1-1: Ball 2-1: Swinging Strike 2-2: Ball 3-2: Fly out, F8 (Flyball, 8LD, EV 104.4 MPH)
|
|
Batting: LHB Bobby Adams
|
0-0: Ball 1-0: Ground out 6-3 (Groundball, 6M, EV 101.2 MPH)
|
|
Batting: LHB Claudio Kamminga
|
0-0: Fly out, F3 (Line Drive, 3L, EV 70.6 MPH)
|
| Bottom of the 9th over - 0 runs, 0 hits, 0 errors, 0 left on base; Mahoning Valley 7 - Connecticut 4 |
|